 Dungeon Crawl Stone Soup version 0.14-a0-2789-gc18c9f8 (webtiles) character file.

429762 4tharraofdagon the Impregnable (level 22, 0/184 (198) HPs)
             Began as a Deep Dwarf Gladiator on Feb 20, 2014.
             Was the Champion of Makhleb.
             Slain by a greater mummy (12 damage)
             ... on Level 3 of the Tomb of the Ancients on Feb 24, 2014.
             The game lasted 03:43:22 (19541 turns).

4tharraofdagon the Impregnable (DDGl)              Turns: 19541, Time: 03:43:22

HP   0/184 (198) AC 37     Str 35      XL: 22   Next: 12%
MP  24/24        EV 14     Int  9 (15) God: Makhleb [******]
Gold 1063        SH  0     Dex  8 (11) Spells:  9 memorised,  9 levels left

rFire  + + .     SeeInvis +     g - +6,+10 battleaxe of the Warrior-Mage {freeze, MR++}
rCold  + . .     Clarity  .     s - +7 chain mail of the Barber Surgeon {Str+3 Int+1 Dam+4 Curse}
rNeg   + + .     Conserve .     (no shield)
rPois  +         rCorr    .     n - +2 orc helmet {Int+3} (curse)
rElec  +         rRot     .     A - +0 cloak of Starlight {rElec rC+ EV+4 Stlth-}
SustAb . .       Spirit   .     P - +2 pair of gloves
rMut   +         Warding  .     J - +1 pair of boots {+Jump}
Saprov . . .     Stasis   .     b - cursed amulet "Bleagap" {rMut rPois rF++ SInv}
MR     +++..                    Q - +3,+4 ring of slaying
                                t - ring "Shriegai" {rN+ MR Dex-2 SInv}

@: non-regenerating, mighty, badly diseased, very slightly contaminated,
rotting, flayed, extremely resistant to hostile enchantments, extremely
unstealthy
A: damage resistance, recharge devices, breathe flames 1, fast metabolism 1,
life protection 1, sense surroundings 3, slow healing 3
a: Device Recharging, Minor Destruction, Lesser Servant of Makhleb, Major
Destruction, Greater Servant of Makhleb, Renounce Religion, Breathe Fire, Evoke
Jump Attack
}: 4/15 runes: decaying, serpentine, slimy, silver


You were on level 3 of the Tomb of the Ancients.
You worshipped Makhleb.
Makhleb was exalted by your worship.
You were very full.

You visited 11 branches of the dungeon, and saw 60 of its levels.
You also visited: Labyrinth, Bailey and Ice Cave.

You collected 4100 gold pieces.
You spent 3037 gold pieces at shops.

Inventory:

Hand weapons
 g - the +6,+10 battleaxe of the Warrior-Mage (weapon) {freeze, MR++}
   (You found it on level 5 of the Lair of Beasts)

   It has been specially enchanted to freeze those struck by it, causing extra
   injury to most foes and up to double damage against particularly susceptible
   opponents.
   It can also slow down cold-blooded creatures.
   It affects your resistance to hostile enchantments.
 w - the +4,+10 battleaxe of the Final Chapter {chop, +Fly rPois rC+ SInv}
   (You found it on level 2 of the Elven Halls)

   It inflicts extra damage upon your enemies.
   It protects you from cold.
   It protects you from poison.
   It enhances your eyesight.
   It lets you fly.
Armour
 n - a cursed +2 orcish helmet of intelligence (worn)
 s - the +7 chain mail of the Barber Surgeon (worn) {Str+3 Int+1 Dam+4 Curse}
   (You found it in a labyrinth)

   It affects your strength (+3).
   It affects your intelligence (+1).
   It affects your damage with ranged weapons and melee attacks (+4).
   It may recurse itself when equipped.
 A - the +0 cloak of Starlight (worn) {rElec rC+ EV+4 Stlth-}
   (You acquired it on level 9 of the Dungeon)

   It affects your evasion (+4).
   It protects you from cold.
   It insulates you from electricity.
   It makes you much less stealthy.
 J - a +1 pair of boots of jumping (worn)
 P - a +2 pair of gloves (worn)
Magical devices
 e - a wand of heal wounds (3)
 D - a wand of fire (4)
 E - a wand of invisibility (2)
 H - a wand of teleportation (2)
 K - a wand of digging (0)
 L - a wand of disintegration (7)
 U - a wand of disintegration (12)
 Z - a wand of fireball (2)
Comestibles
 f - 8 bread rations
 B - 12 meat rations
Scrolls
 j - a scroll of fog
 l - 7 scrolls of identify
 m - 2 scrolls of teleportation
 r - 7 scrolls of remove curse
 F - 2 scrolls of noise
 V - a scroll of enchant armour
 X - 3 scrolls of blinking
Jewellery
 b - the cursed amulet "Bleagap" (around neck) {rMut rPois rF++ SInv}
   (You found it on level 6 of the Pits of Slime)

   [amulet of resist mutation]

   It greatly protects you from fire.
   It protects you from poison.
   It enhances your eyesight.
   It has a curse placed upon it.
 c - an uncursed ring of positive energy
 d - a +5 ring of intelligence
 h - an uncursed ring of protection from fire
 k - the cursed ring of Finality {Fire Stlth}
   (You bought it in a shop on level 4 of the Orcish Mines)

   [ring of fire]

   It makes you more stealthy.
   It has a curse placed upon it.
 p - an uncursed ring of wizardry
 t - the ring "Shriegai" (left hand) {rN+ MR Dex-2 SInv}
   (You bought it in a shop on level 4 of the Orcish Mines)

   [ring of protection from magic]

   It affects your dexterity (-2).
   It protects you from negative energy.
   It enhances your eyesight.
 C - a cursed amulet of stasis
 O - an uncursed ring of teleportation
 Q - a +3,+4 ring of slaying (right hand)
 S - a cursed +6 ring of protection
Potions
 a - a potion of speed
 i - a potion of restore abilities
 q - 2 potions of magic
 v - 2 potions of brilliance
 z - 5 potions of curing
 M - 3 potions of resistance
 Y - a potion of might
Books
 u - a book of Wizardry

   Spells                             Type                      Level
   Summon Elemental                   Summoning                    4
   Agony                              Necromancy                   5
   Force Lance                        Conjuration                  5
   Fireball                           Conjuration/Fire             5
   *Haste                             Charms                       6
   Invisibility                       Hexes                        6
Miscellaneous
 x - a lamp of fire
 T - a phial of floods
 W - a lamp of fire


   Skills:
 + Level 11.8 Fighting
 * Level 21.5 Axes
 - Level 1.7 Throwing
 - Level 24.0 Armour
 - Level 10.0 Dodging
 + Level 9.6 Spellcasting
 + Level 10.2 Charms
 + Level 16.1 Translocations
 - Level 6.0 Invocations
 - Level 16.0 Evocations


You had 9 spell levels left.
You knew the following spells:

 Your Spells              Type           Power        Failure   Level  Hunger
a - Control Teleport      Chrm/Tloc      ####......   1%          4    ####...
b - Phase Shift           Tloc           ####......   1%          5    #####..
c - Controlled Blink      Tloc           N/A          21%         7    #######
d - Apportation           Tloc           ####......   1%          1    None
e - Infusion              Chrm           ###...       1%          1    None
f - Song of Slaying       Chrm           ###.....     1%          2    #......
g - Shroud of Golubria    Chrm/Tloc      ####......   1%          2    #......
h - Spectral Weapon       Hex/Chrm       ##......     10%         3    ###....
i - Haste                 Chrm           ###.....     47%         6    #######


Dungeon Overview and Level Annotations

Branches:
Dungeon (15/16)            Temple (1/1) D:4             Orc (4/4) D:9
    Elf (3/3) Orc:3          Lair (8/8) D:9           Swamp (5/5) Lair:5
  Snake (5/5) Lair:5        Slime (6/6) Lair:7       Vaults (5/5) D:15
  Blade (0/1) Vaults:3      Crypt (5/5) Vaults:2       Tomb (3/3) Crypt:3

Altars:
Cheibriados
Dithmenos
Fedhas
Kikubaaqudgha
Makhleb
Nemelex Xobeh
Okawaru
Sif Muna
Trog
Xom
Yredelemnul
The Shining One
Beogh
Jiyva
Lugonu

Shops:
D:8 [   Orc:1 ((=/[   Orc:4 =*:*   Vaults:3 /

Annotations:
D:15 exclusion: Roxanne, Roxanne
Elf:1 exclusion: silver statue
Lair:2 Harold
Lair:7 SLIME??
Vaults:1 exclusion: ice statue


Innate Abilities, Weirdness & Mutations

You are resistant to damage.
You can recharge devices by infusing magical energy.
You resist negative energy.
You passively map a large area around you.
You do not heal naturally.
You can breathe flames.
You have a fast metabolism.


Message History

Zapping:
e - a wand of heal wounds (4)
Press: ? - help, Shift-Dir - straight line, f - you You feel much better.
This wand has 3 charges left.
The red devil disappears in a puff of smoke!
The sixfirhy misses you.
The sixfirhy hits you but does no damage.
The sixfirhy barely misses you.
The greater mummy calls on the powers of darkness!
Your body is wracked with pain!
* * * LOW HITPOINT WARNING * * *
The mummy priest calls down the wrath of its god upon you.
Something smites you!
* * * LOW HITPOINT WARNING * * *
The ynoxinul gestures.
The ufetubus barely misses you. The ufetubus misses you.
The guardian mummy hits you but does no damage.
The orange demon stings you from afar.
* * * LOW HITPOINT WARNING * * *
The red devil barely misses you. The greater mummy hits you!
You die... , , , ,, * * , , . #... * , , ,, §..####n35.. , ,* , , .....4WW3Z5W5., ,, , * , ....zz53pMM4zM.. ,, , ,, .....Mzpzz.MnpMM.

,,, ,
,......553MpW4ZpMW. ,
,
,..!....4zzMM4MzMM34.
**
......WZ4Z5@MMp5MZW. ,
§$......z54M4453M3..
#§§.....§zpzMzMnz..,
,, ,
###.$.....MpWV5Mz..,,,
, ##'###..VM.3..... ,
* * ,##...MM.... , *,
* , ##....... * ,,
##..... , , ,
##......,,


You could see 5 greater mummies, 4 mummy priests, a soul eater, 2 ice devils, 4
flayed ghosts, 3 shadow wraiths, 3 orange demons, a phantasmal warrior, 11
guardian mummies, an iron devil, 3 flaming corpses, 2 freezing wraiths, a
spectral wolf spider, 3 sixfirhies, a smoke demon, 2 neqoxecs, a ynoxinul, a
chaos spawn, 2 vampires, a wraith, 2 red devils, a rotting devil, 3 necrophages,
4 shadows, 2 flying skulls, 6 mummies, 6 wights, a quasit, a crimson imp, a
white imp, 2 shadow imps, a black mamba simulacrum, a golden dragon simulacrum,
a fire giant simulacrum, 6 ufetubi, a golden dragon zombie, 2 snapping turtle
zombies, an ice dragon skeleton, a minotaur skeleton and a stone giant skeleton.

Vanquished Creatures
  4 greater mummies
  Saint Roka (Snake:5)
  the Lernaean hydra (Swamp:5)
  3 bone dragons
  A profane servitor (Crypt:3)
  A large abomination (Vaults:5)
  A tentacled monstrosity (Vaults:5)
  2 liches (Vaults:4)
  A deep elf blademaster (Elf:3)
  A deep elf master archer (Elf:3)
  A titan (Vaults:5)
  19 acid blobs
  A storm dragon (Vaults:5)
  8 sphinxes (Tomb:1)
  3 ancient champions
  9 tengu reavers
  Kirke (Swamp:4)
  3 shadow dragons (Vaults:5)
  A revenant (Crypt:2)
  13 greater nagas (Snake:5)
  6 azure jellies
  An orc warlord (Vaults:4)
  Wiglaf (Elf:1)
  2 frost giants
  Maud (Elf:1)
  5 vault wardens
  A ghoul (Crypt:3)
  8 deep elf sorcerers
  A reaper (Tomb:2)
  12 stone giants (Vaults:5)
  9 deep elf demonologists
  3 vampire knights
  12 deep elf annihilators (Elf:3)
  Azrael (D:15)
  2 eidola
  A minotaur (Lab)
  8 deep elf death magi
  8 mummy priests
  8 yaktaur captains
  5 death oozes (Slime:6)
  2 jiangshi (Tomb:3)
  3 great orbs of eyes
  6 deep elf high priests
  A death cob (Crypt:3)
  3 ettins
  25 vault guards (Vaults:4)
  7 ironheart preservers
  A fire dragon (Vaults:3)
  5 anacondas
  26 naga warriors
  The ghost of yokelz the Imperceptible, a powerful SpEn of Dithmenos (Lair:8)
  16 hydras
  A shambling mangrove (Swamp:4)
  2 dancing weapons (D:15)
  4 ogre magi
  2 deep troll earth magi
  A deep dwarf death knight (Crypt:3)
  A deep troll shaman (Vaults:4)
  18 naga sharpshooters
  A vampire mage (Crypt:3)
  A plague shambler (Crypt:2)
  8 alligators
  A sun demon (Elf:3)
  4 centaur warriors
  4 soul eaters
  6 very ugly things (Vaults:4)
  3 spectral elves
  15 skeletal warriors
  An ice devil (Tomb:3)
  2 iron trolls
  3 shadow wraiths (Crypt:3)
  7 deep trolls
  8 deep elf knights
  2 hill giants
  A water nymph (shapeshifter) (Vaults:5)
  3 flaming corpses
  A shock serpent (shapeshifter) (Vaults:5)
  7 naga ritualists
  2 giant orange brains
  3 flayed ghosts
  5 ironbrand convokers
  4 shock serpents
  8 swamp dragons
  4 deep elf summoners
  10 giant amoebae
  A hellion (Elf:3)
  3 unseen horrors
  2 water elementals (Vaults:4)
  A wolf spider (Vaults:3)
  7 orc knights
  Joseph (Orc:4)
  8 deep elf conjurers
  8 shining eyes
  A griffon (Vaults:4)
  4 mana vipers
  2 red wasps (shapeshifter)
  10 orc sorcerers
  3 oklob plants (Lair:7)
  A shining eye (shapeshifter) (Vaults:5)
  14 phantasmal warriors
  A necromancer (Vaults:2)
  A cyclops (Vaults:2)
  A fire giant skeleton (Tomb:1)
  5 sixfirhies
  2 vault sentinels
  4 elephants (Lair:8)
  14 black mambas
  A frost giant skeleton (Tomb:3)
  5 guardian serpents
  13 naga magi
  A vapour (Swamp:2)
  8 salamanders
  A spriggan druid (Lair:8)
  A faun (shapeshifter) (Vaults:4)
  3 smoke demons
  2 feature mimics
  A fire drake (Lair:6)
  3 spiny frogs
  A purple draconian zombie (Crypt:3)
  21 yaktaurs
  A death yak zombie (Crypt:3)
  An orange demon (Orc:4)
  A pale draconian zombie (Crypt:2)
  A blue devil (Tomb:3)
  A red devil (Elf:3)
  A silent spectre (Crypt:2)
  3 hellwings (Tomb:3)
  6 spriggans
  3 small abominations
  5 freezing wraiths
  2 minotaur zombies (Lab)
  A komodo dragon (Lair:6)
  7 giant fireflies
  51 guardian mummies
  5 trolls
  2 iron devils
  A shock serpent skeleton (Tomb:3)
  8 baby alligators
  A polar bear (shapeshifter) (D:14)
  3 blink frogs (Lair:3)
  14 deep elf priests
  A centaur skeleton (D:15)
  A wolf spider simulacrum (D:15)
  4 giant leeches
  9 hippogriffs
  A catoblepas zombie (Tomb:3)
  64 slime creatures
  A wind drake (shapeshifter) (Vaults:5)
  A two-headed ogre (Vaults:4)
  A death drake skeleton (Crypt:3)
  A hydra skeleton (D:14)
  A jumping spider (Elf:2)
  5 boulder beetles (Vaults:4)
  4 ravens
  A jumping spider (shapeshifter) (Crypt:3)
  5 bog bodies
  4 grizzly bears (Lair:8)
  15 flying skulls
  9 brown oozes
  11 shadows
  A human skeleton (Vaults:2)
  A human (shapeshifter) (Vaults:5)
  24 yaks
  4 redbacks
  An ettin skeleton (Tomb:1)
  A basilisk (Lair:4)
  3 sharks (D:9)
  3 tarantellas
  A guardian serpent skeleton (Crypt:2)
  35 ugly things
  2 hogs (Swamp:4)
  16 deep elf magi
  An elephant slug (Lair:7)
  4 wraiths
  A hill giant skeleton (D:9)
  4 vampires
  13 golden eyes
  3 hungry ghosts
  24 vampire mosquitoes
  A wyvern (D:9)
  4 chaos spawn
  A neqoxec (Elf:3)
  29 wolves
  10 deep elf fighters
  4 fire elementals (D:15)
  10 swamp worms
  2 mottled dragons
  50 nagas
  3 hell hounds (D:15)
  2 necrophages
  3 soldier ants
  4 porcupines
  A spiny frog skeleton (Crypt:3)
  11 swamp drakes
  8 black bears (Lair:8)
  An elephant zombie (Crypt:2)
  A human zombie (Vaults:2)
  18 orc warriors
  2 phantoms
  4 sky beasts
  11 centaurs
  14 ice beasts
  4 giant goldfish
  12 ogres
  13 wargs
  2 big kobolds (D:15)
  6 crocodiles
  3 rotting devils
  4 giant slugs
  An elf skeleton (Crypt:3)
  5 giant frogs
  A mermaid skeleton (Crypt:2)
  17 water moccasins
  An agate snail (Lair:6)
  12 insubstantial wisps
  6 eyes of draining
  7 wights
  A polar bear skeleton (Crypt:2)
  5 killer bees (D:10)
  A troll skeleton (D:9)
  2 quasits
  12 jellies
  A wolf skeleton (Crypt:3)
  A giant frog zombie (D:5)
  8 hounds
  9 orc priests
  3 centaur zombies
  8 crimson imps
  4 electric eels (D:9)
  Crazy Yiuf (D:7)
  4 iguanas
  A warg zombie (Orc:4)
  36 orc wizards
  A big fish (Swamp:1)
  A giant frog skeleton (D:10)
  7 orange rats
  A water moccasin skeleton (Crypt:4)
  A scorpion (D:9)
  10 worker ants
  A naga zombie (Crypt:2)
  A killer bee zombie (D:3)
  Ijyb (D:7)
  Jessica (D:3)
  A sky beast zombie (D:8)
  3 boggarts (Vaults:3)
  22 mummies
  An ogre skeleton (Crypt:2)
  A hound skeleton (D:3)
  11 green rats (Lair:5)
  A giant centipede (Lair:4)
  A swamp drake skeleton (Crypt:3)
  13 adders
  A giant mite (Lair:7)
  A worm (D:8)
  10 ufetubi (Tomb:3)
  An adder zombie (D:8)
  2 adder skeletons
  3 orc skeletons
  5 giant eyeballs
  5 giant geckos
  8 oozes
  145 orcs
  A bat skeleton (D:7)
  2 giant cockroaches
  7 goblins
  7 hobgoblins
  6 jackals
  9 quokkas
  2 ball pythons
  11 bats
  A giant cockroach zombie (Crypt:4)
  3 giant newts
  A hobgoblin skeleton (D:4)
  9 kobolds
  4 orc zombies
  11 rats
  3 crawling corpses
  2 fungi
  2 plants (Vaults:3)
1689 creatures vanquished.

Vanquished Creatures (collateral kills)
  the royal jelly (Slime:6)
  A deep elf master archer (Elf:3)
  An acid blob (Slime:6)
  An azure jelly (Slime:6)
  A deep elf annihilator (Elf:3)
  An ettin (Vaults:4)
  2 hydras
  A very ugly thing (Vaults:4)
  A giant orange brain (Vaults:4)
  3 yaktaurs (Vaults:4)
  An orc warrior (D:7)
  A golden eye (Slime:6)
  A centaur (D:7)
  3 killer bees (D:7)
  2 orcs (D:7)
  A goblin (D:7)
22 creatures vanquished.

Vanquished Creatures (others)
  A deep elf high priest (Elf:3)
  A naga sharpshooter (Snake:5)
  A fire elemental (Vaults:4)
  4 redbacks
  A human (Swamp:4)
  4 trapdoor spiders
  A naga (Snake:5)
  2 ogres (Vaults:4)
  5 lost souls
  An orc (Snake:5)
  A fungus (Lair:8)
  A plant (Lair:8)
23 creatures vanquished.

Grand Total: 1734 creatures vanquished

Notes
Turn   | Place    | Note
--------------------------------------------------------------
     0 | D:1      | 4tharraofdagon, the Deep Dwarf Gladiator, began the quest for the Orb.
     0 | D:1      | Reached XP level 1. HP: 19/19 MP: 1/1
     0 | D:1      | Noticed a jelly
   129 | D:3      | Reached XP level 2. HP: 26/26 MP: 2/2
   149 | D:3      | Reached skill level 4 in Axes
   163 | D:3      | Noticed Jessica
   171 | D:3      | Killed Jessica
   171 | D:3      | Reached XP level 3. HP: 18/32 MP: 3/3
   254 | D:4      | Found a staircase to the Ecumenical Temple.
   266 | D:4      | Reached XP level 4. HP: 12/40 MP: 4/4
   269 | Temple   | Entered the Ecumenical Temple
   283 | Temple   | Became a worshipper of Makhleb the Destroyer
   447 | D:3      | Reached skill level 5 in Axes
   567 | D:5      | Entered Level 5 of the Dungeon
   585 | D:5      | Acquired Makhleb's first power
   638 | D:5      | Reached XP level 5. HP: 39/46 MP: 5/5
   645 | D:5      | Noticed a sky beast
   717 | D:5      | Noticed a sky beast
   725 | D:5      | Noticed a sky beast
   725 | D:5      | a sky beast (ally) was killed
   739 | D:5      | Killed a sky beast
   739 | D:5      | Reached skill level 1 in Evocations
   739 | D:5      | Reached XP level 6. HP: 42/56 MP: 5/7
   744 | D:5      | Reached skill level 6 in Axes
   816 | D:5      | Killed a sky beast
   864 | D:5      | Reached skill level 5 in Dodging
   975 | D:6      | Reached XP level 7. HP: 40/62 MP: 9/9
  1137 | D:6      | Learned a level 4 spell: Control Teleport
  1256 | D:7      | Found a shadowy altar of Dithmenos.
  1271 | D:7      | Reached skill level 1 in Spellcasting
  1273 | D:7      | Acquired Makhleb's second power
  1273 | D:7      | Reached skill level 1 in Translocations
  1300 | D:7      | Reached skill level 7 in Axes
  1309 | D:7      | Reached XP level 8. HP: 72/72 MP: 10/12
  1360 | D:7      | Got a brightly glowing ruby amulet
  1557 | D:7      | Noticed Crazy Yiuf
  1569 | D:7      | Killed Crazy Yiuf
  1617 | D:7      | Noticed Ijyb
  1627 | D:7      | Killed Ijyb
  1673 | D:8      | Acquired Makhleb's third power
  1710 | D:8      | Found Klipycil's Armour Emporium.
  1721 | D:8      | Bought a +0 pair of boots of jumping for 77 gold pieces
  1816 | D:8      | Found a snail-covered altar of Cheibriados.
  2040 | D:9      | Reached skill level 8 in Axes
  2157 | D:9      | Reached skill level 5 in Evocations
  2168 | D:9      | Noticed a troll
  2181 | D:9      | Killed a troll
  2181 | D:9      | Gained mutation: You passively map the area around you. [level up]
  2181 | D:9      | Reached XP level 9. HP: 23/79 MP: 13/15
  2216 | D:9      | Found a flagged portal.
  2224 | Bailey   | Entered a bailey
  2236 | Bailey   | Reached skill level 5 in Translocations
  2287 | Bailey   | HP: 1/80 [deep elf priest/uncursed elven scimitar (20)]
  2299 | Bailey   | Reached skill level 5 in Fighting
  2316 | Bailey   | Reached skill level 9 in Axes
  2382 | Bailey   | Noticed a deep elf knight
  2408 | Bailey   | Killed a deep elf knight
  2408 | Bailey   | Reached XP level 10. HP: 69/88 MP: 17/17
  2597 | D:9      | Acquired Makhleb's fourth power
  2838 | D:8      | Bought a +2 orcish helmet of intelligence for 269 gold pieces
  2838 | D:8      | Bought a +0 pair of elven gloves for 20 gold pieces
  2892 | D:10     | Entered Level 10 of the Dungeon
  2995 | D:10     | Acquired Makhleb's fifth power
  2995 | D:10     | Reached skill level 10 in Axes
  3173 | D:9      | Noticed a troll
  3204 | D:9      | Killed a troll
  3225 | D:9      | Found a staircase to the Lair.
  3291 | D:9      | Identified a scroll of acquirement
  3366 | D:9      | Found a staircase to the Orcish Mines.
  3377 | D:9      | Found a basalt altar of Yredelemnul.
  3380 | D:9      | Found a sparkling altar of Nemelex Xobeh.
  3402 | Lair:1   | Entered Level 1 of the Lair of Beasts
  3548 | Lair:2   | Noticed Harold
  3569 | Lair:3   | Reached XP level 11. HP: 46/97 MP: 17/17
  3724 | Lair:5   | Found a staircase to the Swamp.
  3795 | Lair:5   | HP: 4/97 [raven (5)]
  3835 | Lair:5   | Reached skill level 11 in Axes
  3862 | Lair:5   | Found a frozen archway.
  3916 | Lair:5   | Got a steaming battleaxe
  3921 | Lair:5   | Identified the +6,+10 battleaxe of the Warrior-Mage {freeze, MR++} (You found it on level 5 of the Lair of Beasts)
  4056 | IceCv    | Entered an ice cave
  4099 | IceCv    | Noticed an ice statue
  4099 | IceCv    | Noticed an ice statue
  4099 | IceCv    | Noticed an ice statue
  4153 | Lair:6   | Found a staircase to the Snake Pit.
  4377 | Lair:6   | Noticed a six-headed hydra
  4398 | Lair:6   | Killed a six-headed hydra
  4466 | Lair:6   | Reached skill level 5 in Spellcasting
  4603 | Lair:6   | the staircase to the Snake Pit was a mimic.
  4643 | Lair:7   | Noticed a five-headed hydra
  4677 | Lair:7   | Reached skill level 1 in Invocations
  4772 | Lair:8   | Entered Level 8 of the Lair of Beasts
  4815 | Lair:8   | Reached XP level 12. HP: 98/106 MP: 19/19
  4821 | Lair:8   | Reached skill level 10 in Evocations
  4824 | Lair:8   | Reached skill level 10 in Translocations
  4924 | Lair:8   | Identified the amulet of the Okapi {Inacc -Cast Dam+4} (You found it on level 7 of the Dungeon)
  4930 | Lair:8   | Reached skill level 12 in Axes
  4959 | Lair:8   | Noticed yokelz's ghost (powerful SpEn)
  4964 | Lair:8   | Killed yokelz's ghost
  5041 | Lair:8   | Noticed a spriggan rider
  5047 | Lair:8   | Killed a giant firefly
  5049 | Lair:8   | Killed a spriggan
  5055 | Lair:8   | Noticed a spriggan rider
  5069 | Lair:8   | Killed a spriggan
  5072 | Lair:8   | Killed a giant firefly
  5383 | Lair:7   | Killed a five-headed hydra
  5612 | Lair:4   | Learned a level 5 spell: Phase Shift
  5772 | Orc:1    | Entered Level 1 of the Orcish Mines
  5772 | Orc:1    | Found Qenitut's Magical Wand Emporium.
  5772 | Orc:1    | Found a bloodstained altar of Trog.
  5772 | Orc:1    | Found Zorhalam's Armour Boutique.
  5861 | Orc:2    | Reached XP level 13. HP: 115/115 MP: 21/21
  5904 | Orc:1    | Found Jemoal's Antique Weapon Shoppe.
  5912 | Orc:1    | Bought a glowing dwarven battleaxe for 187 gold pieces
  5912 | Orc:1    | Bought a steaming war axe for 216 gold pieces
  5945 | Orc:1    | Found Miyhoocs' Antique Weapon Shoppe.
  5966 | Orc:1    | Found Plobof's Jewellery Shop.
  5974 | Orc:1    | Bought a cursed ring of teleportation for 247 gold pieces
  6057 | Orc:1    | Reached skill level 5 in Invocations
  6070 | Orc:1    | Found a roughly hewn altar of Beogh.
  6247 | Orc:3    | Found an ancient bone altar of Kikubaaqudgha.
  6389 | Orc:4    | Entered Level 4 of the Orcish Mines
  6533 | Orc:4    | Found Tresal's Jewellery Boutique.
  6533 | Orc:4    | Found Blihis' General Store.
  6538 | Orc:4    | Bought the ring "Shriegai" {rN+ MR Dex-2 SInv} for 413 gold pieces
  6539 | Orc:4    | Identified the -1,+8 war axe of the Twelve Orbs {chop, MR++} (You bought it in a shop on level 1 of the Orcish Mines)
  6554 | Orc:4    | Bought a scroll of teleportation for 42 gold pieces
  6554 | Orc:4    | Bought a potion of speed for 77 gold pieces
  6554 | Orc:4    | Bought a potion of curing for 28 gold pieces
  6568 | Orc:4    | Found a roughly hewn altar of Beogh.
  6649 | Orc:4    | Found Shos' Book Boutique.
  6665 | Orc:4    | Reached skill level 13 in Axes
  6705 | Orc:4    | Found Unackuup's Assorted Antiques.
  6722 | Orc:4    | Bought a scroll labeled FOIKHL OGGOGEF for 28 gold pieces
  6722 | Orc:4    | Bought a runed dwarven ring mail for 134 gold pieces
  6750 | Orc:4    | Learned a level 7 spell: Controlled Blink
  6913 | Orc:4    | Noticed Joseph
  6922 | Orc:4    | Killed Joseph
  6995 | Orc:3    | Found a staircase to the Elven Halls.
  7059 | Elf:1    | Entered Level 1 of the Elven Halls
  7090 | Elf:1    | Noticed a deep elf sorcerer
  7109 | Elf:1    | Killed a deep elf sorcerer
  7109 | Elf:1    | Reached skill level 10 in Dodging
  7165 | Elf:2    | Reached skill level 1 in Armour
  7337 | Elf:2    | Reached skill level 5 in Armour
  7396 | Elf:3    | Entered Level 3 of the Elven Halls
  7469 | Elf:2    | Got a bloodstained battleaxe
  7470 | Elf:2    | Identified the +4,+10 battleaxe of the Final Chapter {chop, +Fly rPois rC+ SInv} (You found it on level 2 of the Elven Halls)
  7659 | Elf:3    | Noticed a deep elf annihilator
  7660 | Elf:3    | Noticed a deep elf annihilator
  7665 | Elf:3    | Killed a deep elf annihilator
  7677 | Elf:3    | Killed a deep elf annihilator
  7717 | Elf:3    | Gained mutation: You resist negative energy. [level up]
  7717 | Elf:3    | Reached XP level 14. HP: 126/126 MP: 22/22
  7720 | Elf:3    | Noticed a deep elf demonologist
  7728 | Elf:3    | Killed a deep elf demonologist
  7732 | Elf:3    | Noticed a deep elf annihilator
  7758 | Elf:3    | Killed a deep elf annihilator
  7763 | Elf:3    | Noticed a deep elf annihilator
  7770 | Elf:3    | Noticed a deep elf sorcerer
  7776 | Elf:3    | Killed a deep elf annihilator
  7781 | Elf:3    | Killed a deep elf sorcerer
  7781 | Elf:3    | Reached skill level 10 in Armour
  7901 | Elf:3    | Got a brightly glowing war axe
  7902 | Elf:3    | Identified the cursed +7,+11 war axe "Stasmod" {freeze, +Inv rC++ Stlth} (You took it off a deep elf priest on level 3 of the Elven Halls)
  7907 | Elf:3    | Noticed a deep elf demonologist
  7928 | Elf:3    | Killed a deep elf demonologist
  7942 | Elf:3    | Noticed a deep elf annihilator
  7952 | Elf:3    | Killed a deep elf annihilator
  7956 | Elf:3    | Noticed a deep elf annihilator
  7971 | Elf:3    | Killed a deep elf annihilator
  7984 | Elf:3    | Noticed a deep elf demonologist
  8012 | Elf:3    | Killed a deep elf demonologist
  8025 | Elf:3    | Noticed a deep elf sorcerer
  8051 | Elf:3    | Killed a deep elf sorcerer
  8063 | Elf:3    | Noticed a deep elf annihilator
  8096 | Elf:3    | Killed a deep elf annihilator
  8098 | Elf:3    | Noticed a deep elf blademaster
  8124 | Elf:3    | Killed a deep elf blademaster
  8124 | Elf:3    | Reached skill level 14 in Axes
  8149 | Elf:3    | Noticed a deep elf demonologist
  8167 | Elf:3    | Killed a deep elf demonologist
  8170 | Elf:3    | Noticed a deep elf sorcerer
  8185 | Elf:3    | Killed a deep elf sorcerer
  8204 | Elf:3    | Noticed a deep elf annihilator
  8223 | Elf:3    | Noticed a deep elf master archer
  8245 | Elf:3    | Killed a deep elf master archer
  8248 | Elf:3    | Killed a deep elf annihilator
  8262 | Elf:3    | Noticed a deep elf master archer
  8282 | Elf:3    | Killed a deep elf master archer
  8301 | Elf:3    | Noticed a deep elf demonologist
  8302 | Elf:3    | Noticed a deep elf demonologist
  8304 | Elf:3    | Noticed a deep elf annihilator
  8307 | Elf:3    | Noticed a deep elf sorcerer
  8366 | Elf:3    | Noticed a deep elf demonologist
  8383 | Elf:3    | Killed a deep elf demonologist
  8499 | Elf:3    | Killed a deep elf sorcerer
  8499 | Elf:3    | Reached XP level 15. HP: 77/135 MP: 21/21
  8571 | Elf:3    | Killed a deep elf annihilator
  8645 | Elf:3    | Noticed a deep elf demonologist
  8667 | Elf:3    | Killed a deep elf demonologist
  8671 | Elf:3    | Killed a deep elf demonologist
  8671 | Elf:3    | Reached skill level 15 in Axes
  8687 | Elf:3    | Got a slimy battleaxe {freeze}
  8712 | Elf:3    | Noticed a deep elf annihilator
  8719 | Elf:3    | Killed a deep elf demonologist
  8734 | Elf:3    | Killed a deep elf annihilator
  8775 | Elf:3    | Identified the +10,+5 battleaxe "Yllamef" {freeze, MR++} (You took it off a deep elf demonologist on level 3 of the Elven Halls)
  8810 | Elf:3    | Identified the Handbook of the Oath
  8829 | Elf:3    | Got an encrusted scale mail
  8834 | Elf:3    | Identified the Compendium of the Mutagenic Traveller (You found it on level 3 of the Elven Halls)
  8837 | Elf:3    | Learned a level 1 spell: Apportation
  8846 | Elf:3    | Learned a level 1 spell: Infusion
  8849 | Elf:3    | Learned a level 2 spell: Song of Slaying
  8852 | Elf:3    | Learned a level 2 spell: Shroud of Golubria
  8856 | Elf:3    | Learned a level 3 spell: Spectral Weapon
  8862 | Elf:3    | Noticed a deep elf sorcerer
  8869 | Elf:3    | Killed a deep elf sorcerer
  8876 | Elf:3    | Noticed a deep elf annihilator
  8891 | Elf:3    | Killed a deep elf annihilator
  8891 | Elf:3    | Reached skill level 1 in Charms
  8913 | Elf:3    | Noticed a deep elf sorcerer
  8913 | Elf:3    | Noticed a deep elf sorcerer
  8922 | Elf:3    | Killed a deep elf sorcerer
  8939 | Elf:3    | Noticed a deep elf annihilator
  8949 | Elf:3    | Killed a deep elf annihilator
  8950 | Elf:3    | Noticed a deep elf annihilator
  8963 | Elf:3    | Killed a deep elf sorcerer
  8978 | Elf:3    | Killed a deep elf annihilator
  9028 | Elf:3    | Identified the cursed +0 scale mail of the Beggar {+Fly} (You found it on level 3 of the Elven Halls)
  9092 | Elf:3    | Got an encrusted scale mail
  9105 | Elf:3    | Identified the cursed +0 scale mail of Valiance {Str+3} (You found it on level 3 of the Elven Halls)
  9188 | Elf:1    | Noticed a deep elf demonologist
  9197 | Elf:1    | Killed a deep elf demonologist
  9216 | Elf:2    | Noticed Maud
  9217 | Elf:2    | Noticed Wiglaf
  9233 | Elf:1    | Killed Maud
  9236 | Elf:1    | Killed Wiglaf
  9384 | Orc:4    | Bought an uncursed amulet of resist mutation for 440 gold pieces
  9384 | Orc:4    | Bought an uncursed ring of positive energy for 220 gold pieces
  9384 | Orc:4    | Bought the ring of Finality {Fire Stlth} for 297 gold pieces
  9392 | Orc:4    | Upgraded the game from 0.14-a0-2730-g72a2965 to 0.14-a0-2737-gb10a4c8
  9715 | Lair:5   | Found a staircase to the Snake Pit.
  9723 | Snake:1  | Entered Level 1 of the Snake Pit
  9920 | Snake:2  | Reached skill level 15 in Armour
 10199 | Snake:3  | Identified the Collected Works on Ensnaring Calling (You found it on level 3 of the Snake Pit)
 10312 | Snake:3  | Reached skill level 16 in Armour
 10476 | Snake:4  | Reached XP level 16. HP: 134/144 MP: 15/20
 10521 | Snake:5  | Entered Level 5 of the Snake Pit
 10528 | Snake:5  | Reached skill level 17 in Armour
 10535 | Snake:5  | Noticed Saint Roka
 10556 | Snake:5  | Killed Saint Roka
 10562 | Snake:5  | Reached skill level 18 in Armour
 10675 | Snake:4  | Got a slimy buckler
 10913 | Snake:5  | Reached skill level 19 in Armour
 11547 | Snake:5  | Reached XP level 17. HP: 63/151 MP: 22/22
 11886 | Snake:5  | Got a serpentine rune of Zot
 11976 | Snake:4  | Reached skill level 5 in Charms
 12185 | Swamp:1  | Entered Level 1 of the Swamp
 12688 | Swamp:4  | Reached skill level 20 in Armour
 12733 | Swamp:4  | Noticed Kirke
 12744 | Swamp:4  | Killed Kirke
 12770 | Swamp:5  | Entered Level 5 of the Swamp
 13120 | Swamp:5  | Noticed the 27-headed Lernaean hydra
 13136 | Swamp:5  | Killed the 26-headed Lernaean hydra
 13147 | Swamp:5  | Gained mutation: You passively map a large area around you. [level up]
 13147 | Swamp:5  | Reached XP level 18. HP: 96/159 MP: 24/24
 13258 | Swamp:5  | Got a decaying rune of Zot
 13674 | Lair:7   | Found a staircase to the Slime Pits.
 13699 | Slime:1  | Entered Level 1 of the Pits of Slime
 13761 | Slime:2  | Gained mutation: You have a fast metabolism. [a shining eye]
 13795 | Slime:1  | Paralysed by a giant eyeball for 3 turns
 13951 | Slime:6  | Entered Level 6 of the Pits of Slime
 14020 | Slime:6  | Found a viscous altar of Jiyva.
 14022 | Slime:6  | Noticed the royal jelly
 14030 | Slime:6  | Reached skill level 15 in Evocations
 14103 | Slime:6  | Killed the royal jelly
 14165 | Slime:6  | Got a scintillating garnet amulet
 14190 | Slime:6  | Identified the amulet "Bleagap" {rMut rPois rF++ SInv} (You found it on level 6 of the Pits of Slime)
 14191 | Slime:6  | :o
 14215 | Slime:6  | Got a slimy rune of Zot
 14249 | Slime:6  | Got a transparent plate armour
 14297 | Slime:6  | Identified the cursed +9 plate armour of Begoagig {Dex+2 Stlth--} (You found it on level 6 of the Pits of Slime)
 14356 | Slime:6  | Gained mutation: You can breathe flames. [potion of mutation]
 14356 | Slime:6  | Gained mutation: You are agile. (Dex +2) [potion of mutation]
 14465 | Slime:6  | Identified Jeibuybb's Collected Works on Bewitchment (You found it on level 6 of the Pits of Slime)
 14608 | Slime:3  | Lost mutation: You are agile. (Dex +2) [a shining eye]
 14624 | Slime:3  | Reached XP level 19. HP: 165/165 MP: 23/26
 14642 | Slime:3  | Paralysed by a giant eyeball for 4 turns
 14665 | Slime:3  | Reached skill level 21 in Armour
 14815 | Lair:7   | Upgraded the game from 0.14-a0-2737-gb10a4c8 to 0.14-a0-2746-g43b4f9c
 14816 | Lair:7   | Upgraded the game from 0.14-a0-2746-g43b4f9c to 0.14-a0-2789-gc18c9f8
 15086 | D:13     | Found a labyrinth entrance.
 15099 | Lab      | Entered a labyrinth
 15285 | Lab      | Got an opal-encrusted chain mail
 15287 | Lab      | Identified the +7 chain mail of the Barber Surgeon {Str+3 Int+1 Dam+4 Curse} (You found it in a labyrinth)
 15477 | D:14     | Reached skill level 22 in Armour
 15500 | D:15     | Entered Level 15 of the Dungeon
 15610 | D:15     | Noticed Azrael
 15617 | D:15     | Killed Azrael
 15633 | D:15     | Noticed Roxanne
 15637 | D:15     | Found a gate to the Vaults.
 15651 | Vaults:1 | Entered Level 1 of the Vaults
 15842 | Vaults:2 | Reached skill level 23 in Armour
 16475 | Vaults:5 | Entered Level 5 of the Vaults
 16495 | Vaults:4 | Reached skill level 24 in Armour
 16538 | Vaults:4 | Reached XP level 20. HP: 175/175 MP: 27/27
 16761 | Vaults:4 | Reached skill level 10 in Fighting
 16781 | Vaults:4 | Learned a level 6 spell: Haste
 17123 | Vaults:5 | Reached skill level 15 in Translocations
 17572 | Vaults:5 | Got a silver rune of Zot
 17724 | Vaults:3 | Found Lonuyp's Magical Wand Shoppe.
 17735 | Vaults:3 | Reached XP level 21. HP: 184/184 MP: 27/27
 17750 | Vaults:3 | Bought a wand of teleportation (2) for 342 gold pieces
 17788 | Vaults:3 | Found a staircase to the Hall of Blades.
 17885 | Vaults:2 | Found a staircase to the Crypt.
 17885 | Vaults:2 | Found an ancient bone altar of Kikubaaqudgha.
 17886 | Vaults:2 | Found a basalt altar of Yredelemnul.
 17892 | Crypt:1  | Entered Level 1 of the Crypt
 18276 | Crypt:3  | Found a basalt altar of Yredelemnul.
 18433 | Crypt:5  | Entered Level 5 of the Crypt
 18959 | Crypt:3  | Found a staircase to the Tomb.
 18974 | Tomb:1   | Entered Level 1 of the Tomb of the Ancients
 19065 | Tomb:1   | Noticed a greater mummy
 19065 | Tomb:1   | Noticed a greater mummy
 19065 | Tomb:1   | Noticed a greater mummy
 19065 | Tomb:1   | Noticed a greater mummy
 19134 | Tomb:1   | Noticed a greater mummy
 19145 | Tomb:1   | Killed a greater mummy
 19146 | Tomb:1   | Noticed a greater mummy
 19277 | Tomb:2   | Noticed a greater mummy
 19279 | Tomb:2   | Noticed a greater mummy
 19285 | Tomb:2   | Noticed a greater mummy
 19287 | Tomb:2   | Noticed a greater mummy
 19423 | Tomb:3   | Entered Level 3 of the Tomb of the Ancients
 19484 | Tomb:3   | Noticed a greater mummy
 19485 | Tomb:3   | Noticed a greater mummy
 19485 | Tomb:3   | Noticed a greater mummy
 19486 | Tomb:3   | Noticed a greater mummy
 19487 | Tomb:3   | Noticed a greater mummy
 19491 | Tomb:3   | Noticed a greater mummy
 19492 | Tomb:3   | Noticed a greater mummy
 19497 | Tomb:3   | Noticed a greater mummy
 19508 | Tomb:3   | Killed a greater mummy
 19508 | Tomb:3   | Reached skill level 10 in Charms
 19511 | Tomb:3   | Killed a greater mummy
 19511 | Tomb:3   | Reached XP level 22. HP: 104/193 MP: 25/25
 19517 | Tomb:3   | Killed a greater mummy
 19536 | Tomb:3   | HP: 7/277 [red devil/trident[a mummy priest] (7)]
 19537 | Tomb:3   | HP: 2/277 [greater mummy (9)]
 19541 | Tomb:3   | Slain by a greater mummy

Action                   |  1- 3 |  4- 6 |  7- 9 | 10-12 | 13-15 | 16-18 | 19-21 | 22-24 || total
-------------------------+-------+-------+-------+-------+-------+-------+-------+-------++-------
Melee: Hand axe          |    69 |   151 |    87 |     9 |       |       |       |       ||   316
       Broad axe         |       |       |   258 |   350 |       |       |       |       ||   608
       Battleaxe         |       |       |       |   345 |   905 |  1217 |  1333 |    22 ||  3822
       Unarmed           |       |       |       |       |       |     5 |       |       ||     5
Throw: Throwing net      |       |       |     4 |     1 |       |       |       |       ||     5
 Cast: Apportation       |       |       |       |       |       |     3 |    49 |       ||    52
       Control Teleport  |       |       |       |       |       |     1 |    17 |       ||    18
       Infusion          |       |       |       |       |       |       |     3 |       ||     3
       Song of Slaying   |       |       |       |       |       |       |     1 |       ||     1
Invok: Greater Servant o |       |       |       |       |       |     1 |       |       ||     1
 Abil: Device Recharging |       |       |     3 |     3 |     3 |       |     3 |     1 ||    13
       Evoke Teleportati |       |       |       |       |       |     1 |    48 |       ||    49
       Evoke Jump Attack |       |       |       |       |       |       |     1 |       ||     1
Evoke: Wand              |       |     7 |    20 |    24 |    16 |    11 |    17 |     7 ||   102
       Sack of spiders   |       |       |       |     3 |     5 |     3 |       |       ||    11
       Lamp of fire      |       |       |       |       |       |       |     1 |       ||     1
       Phial of floods   |       |       |       |       |       |       |     1 |       ||     1
  Use: Potion            |       |     3 |     3 |     2 |     5 |     8 |     9 |       ||    30
       Scroll            |       |       |     1 |    23 |    14 |    12 |    18 |       ||    68
 Stab: Invisible         |       |     2 |       |       |       |       |       |       ||     2
       Held in net/web   |       |       |     1 |       |     1 |       |       |       ||     2
       Confused          |       |       |       |     1 |       |       |       |       ||     1
       Distracted        |       |       |       |       |     1 |     1 |       |       ||     2
